 Dungeon Crawl Stone Soup version 0.21-a0-507-ga8f6b7a (webtiles) character file.

55 slep the Skirmisher (level 3, 0/29 HPs)
             Began as a Demonspawn Monk on Nov 28, 2017.
             Succumbed to an adder's poison
             ... on level 2 of the Dungeon.
             The game lasted 00:04:36 (852 turns).

slep the Skirmisher (Demonspawn Monk)                Turns: 852, Time: 00:04:37

Health: 0/29       AC:  4    Str: 11    XL:     3   Next: 67%
Magic:  0/3        EV: 14    Int: 11    God:
Gold:   57         SH:  0    Dex: 16    Spells: 2/2 levels left

rFire    . . .     SeeInvis .   a - +0 spear
rCold    . . .     Gourm    .   (no shield)
rNeg     . . .     Faith    .   b - +0 robe
rPois    .         Spirit   +   (no helmet)
rElec    .         Reflect  .   (no cloak)
rCorr    .         Harm     .   (no gloves)
MR       .....                  (no boots)
Stlth    ++........             (no amulet)
HPRegen  0.09/turn              (no ring)
MPRegen  0.08/turn              (no ring)

@: lethally poisoned (0 -> -7), flying
A: molten scales 1, magic shield
a: no special abilities


You were on level 2 of the Dungeon.
You were not hungry.

You visited 1 branch of the dungeon, and saw 2 of its levels.

You collected 57 gold pieces.

Inventory:

Hand Weapons
 a - a +0 spear (weapon)
Armour
 b - a +0 robe (worn)
Scrolls
 d - 3 scrolls of fog {unknown}
 e - a scroll of amnesia {unknown}
 f - 2 scrolls of teleportation {unknown}
 i - a scroll of remove curse {unknown}
Potions
 j - a potion of haste {unknown}
 l - a potion of cancellation {unknown}
Comestibles
 c - a bread ration
 g - a meat ration
 h - 4 fruits


   Skills:
 + Level 3.6 Fighting
 + Level 3.1 Polearms
 + Level 3.2 Dodging
 + Level 2.3 Stealth


You had 2 spell levels left.
You didn't know any spells.

Dungeon Overview and Level Annotations

Branches:
Dungeon (2/15)

Altars:


Innate Abilities, Weirdness & Mutations

You are partially covered in molten scales. (AC +2)
When hurt, damage is shared between your health and your magic reserves.


Message History

You feel sick.
Attack whom?
Press: ? - help, Dir - move target cursor, f - adder
Aim: an adder You reach to attack!
You hit the adder but do no damage. The adder bites you.
* * * LOW HITPOINT WARNING * * *
You barely miss the adder. The adder bites you.
You closely miss the adder. The adder closely misses you.
You barely miss the adder.
You feel sick. The adder bites you but does no damage.
You barely miss the adder. The adder closely misses you.
The adder barely misses you.
You barely miss the adder. The adder bites you.
* * * LOW HITPOINT WARNING * * *
You are more poisoned.
The adder poisons you!
It was a potion of flight.
You feel very buoyant.
You fly up into the air.
You die...

#.# #..# #.......
#.# #..# #..(....
#.####..# #####'##
#.......# #.....
######.##.# #...†.
#.##.# #.....
#.##.#############
#.##........
#@##.....S..
#S##........
#†##........
#...........
#...........
#..!........
#.....#...##
#....!#...#
#[....# $.#


You could see an adder.

Vanquished Creatures
  An adder (D:2)
  A worm (D:2)
  A dart slug (D:2)
  A leopard gecko (D:1)
  2 bats
  3 goblins (D:1)
  8 hobgoblins
  6 jackals (D:1)
  4 kobolds
  4 frilled lizards
  4 rats
35 creatures vanquished.

Notes
Turn   | Place    | Note
-------+----------+-------------------------------------------
     0 | D:1      | slep the Demonspawn Monk began the quest for the Orb.
     0 | D:1      | Reached XP level 1. HP: 18/18 MP: 1/1
    91 | D:1      | Gained mutation: When hurt, damage is shared between your health and your magic reserves. [demonic ancestry]
    91 | D:1      | Reached XP level 2. HP: 9/24 MP: 2/2
   383 | D:1      | Gained mutation: You are partially covered in molten scales. (AC +2) [demonic ancestry]
   383 | D:1      | Reached XP level 3. HP: 4/29 MP: 1/3
   851 | D:2      | HP: 1/29 [adder (2)]
   852 | D:2      | Succumbed to an adder's poison

Vault maps used:
D:1:      dpeg_arrival_windows_large_door
D:2:      nicolae_overflow_crystal_walls, first_bread, serial_bayou_pond_e

Skill      XL: |  1  2 |
---------------+-------+-----
Stealth        | 2 |  2.3
Dodging        | 3 |  3.2
Polearms       | 3 |  3.1
Fighting       | |  3.6

Action                   || total
-------------------------++-------
Melee: Spear             ||   154
  Use: Potion            ||     1
 Stab: Sleeping          ||     6
Armor: Robe              ||    26
Dodge: Dodged            ||    83

Table legend:
 A = Spawn XP
 B = Non-spawn XP
 C = Spawn XP percentage of total XP
 D = Spawn monster count
 E = Non-spawn monster count
 F = Spawn count percentage of total count
 G = Total turns spent on level
                    A         B        C        D         E        F      G
               +---------+---------+-------+---------+---------+-------+---------
         Total |       0 |      79 |   0.0 |       0 |      35 |   0.0 |   852
               +---------+---------+-------+---------+---------+-------+---------
           D:1 |       0 |      42 |   0.0 |       0 |      22 |   0.0 |   513
           D:2 |       0 |      37 |   0.0 |       0 |      13 |   0.0 |   339
               +---------+---------+-------+---------+---------+-------+---------
